 Dungeon Crawl Stone Soup version 0.28.0-47-ge53b351184 (webtiles) character file.

Game seed: 12616510155930941973

15 croobank the Chopper (level 2, -1/29 HPs)
             Began as a Gnoll Chaos Knight on Apr 28, 2022.
             Was a Plaything of Xom.
             Slain by a steam dragon (shapeshifter) (5 damage)
             ... on level 1 of the Dungeon.
             The game lasted 00:01:35 (132 turns).

croobank the Chopper (Gnoll Chaos Knight)            Turns: 132, Time: 00:01:40

Health: -1/29      AC:  5    Str: 11    XL:     2   Next: 50%
Magic:  2/2        EV: 12    Int: 11    God:    Xom [..*...]
Gold:   0          SH:  0    Dex: 11    Spells: 1/1 levels left

rFire   + . .      SeeInvis .   a - +0 hand axe (chaos)
rCold   + . .      Faith    .   (no shield)
rNeg    . . .      Spirit   .   b - +2 leather armour
rPois   +          Reflect  .   (no helmet)
rElec   +          Harm     .   (no cloak)
rCorr   +          Rampage  .   (no gloves)
Will    .....                   (no boots)
Stlth   +.........              (no amulet)
HPRegen 0.09/turn               (no ring)
MPRegen 0.08/turn               (no ring)

@: confused, resistant, attractive, hasted, very quick
A: fangs 1, strong nose, distributed training
a: Renounce Religion


You were on level 1 of the Dungeon.
You worshipped Xom.
You were a toy of Xom.
You visited 1 branch of the dungeon, and saw 1 of its levels.

Inventory:

Hand Weapons
 a - a +0 hand axe of chaos (weapon)
Armour
 b - a +2 leather armour (worn)


   Skills:
 + Level 6.5 Fighting
 + Level 0.4 Short Blades
 + Level 0.4 Long Blades
 + Level 6.5 Axes
 + Level 0.4 Maces & Flails
 + Level 0.4 Polearms
 + Level 0.4 Staves
 + Level 0.4 Slings
 + Level 0.4 Bows
 + Level 0.4 Crossbows
 + Level 0.4 Throwing
 + Level 4.5 Armour
 + Level 2.5 Dodging
 + Level 0.4 Stealth
 + Level 0.4 Shields
 + Level 0.4 Unarmed Combat
 + Level 0.4 Spellcasting
 + Level 0.2 Conjurations
 + Level 0.2 Hexes
 + Level 0.2 Summonings
 + Level 0.2 Necromancy
 + Level 0.2 Translocations
 + Level 0.2 Transmutations
 + Level 0.2 Fire Magic
 + Level 0.2 Ice Magic
 + Level 0.2 Air Magic
 + Level 0.2 Earth Magic
 + Level 0.2 Poison Magic
 + Level 0.5 Invocations
 + Level 0.4 Evocations


You had one spell level left.
You didn't know any spells.
Your spell library was empty.

Dungeon Overview and Level Annotations

Branches:
Dungeon (1/15)

Altars:


Innate Abilities, Weirdness & Mutations

You have very sharp teeth.
Your uncanny sense of smell can sniff out nearby items.
Your experience applies equally to all skills.


Message History

You closely miss the hog.
The hog is lightly wounded.
The hog bites you.
You see here a frilled lizard corpse.
You bump into the rock wall. "Go forth and cause havoc, mortal!"
You feel yourself speed up. The hog misses you. The hog bites you.
The hog closely misses you.
You see here a frilled lizard corpse.
You slash the hog!
The hog suddenly seems more agile.
Your punch misses the hog. Your bite misses the hog.
The hog is moderately wounded.
The hog bites you!
* * * LOW HITPOINT WARNING * * *
You closely miss the hog.
The hog is moderately wounded.
The hog bites you.
* * * LOW HITPOINT WARNING * * *
The hog bites you.
* * * LOW HITPOINT WARNING * * *
You hit the hog. Your bite misses the hog.
The hog is moderately wounded.
The hog barely misses you.
It was a potion of attraction.
You feel attractive to monsters.
Xom thinks this is hilarious!
The hog barely misses you.
It was a potion of resistance.
You feel protected.
You hit the hog.
The hog is heavily wounded.
The hog changes into a steam dragon!
You bump into the rock wall.
You closely miss the steam dragon.
Your bite misses the steam dragon. "See what I see, my child!"
You feel aware of your surroundings.
The steam dragon bites you but does no damage.
The steam dragon claws you.
You die...
Xom laughs nastily!

* ,,, ,,...... .......... *
***.............),#≈#P.....P
,,,
.............P##≈##P...P# ,
**##.......#*#..≈≈≈≈≈..<..≈
∆∆?........# #.P##≈##P...P#
#####.......# #..P#≈#P.....P
. ....(......#
#.............
,,.##........(#
###......#####
,.....>....^@###.).######
**#..>.....D†...###
#.........#####
,####.).)....## * *
#......).....#*
...##[..###....# * , #..###
#.#..#*** * * *#.....#
**#.#.... , ,, #.....#
*,........,,,, ,


You could see a steam dragon shaped shifter.

Vanquished Creatures
  3 endoplasms (D:1)
  A goblin (D:1)
  A hobgoblin (D:1)
  2 kobolds (D:1)
  A quokka (D:1)
  A ball python (D:1)
  A bat (D:1)
  2 frilled lizards (D:1)
  2 rats (D:1)
14 creatures vanquished.

Vanquished Creatures (others)
  A plant (D:1)
1 creature vanquished.

Grand Total: 15 creatures vanquished

Notes
Turn   | Place    | Note
-------+----------+-------------------------------------------
     0 | D:1      | croobank the Gnoll Chaos Knight began the quest for the
                  | Orb.
     0 | D:1      | Reached XP level 1. HP: 23/23 MP: 1/1
    71 | D:1      | Reached XP level 2. HP: 29/29 MP: 2/2
    88 | D:1      | Noticed a shapeshifter
    88 | D:1      | a hobgoblin changed into a shapeshifter
    88 | D:1      | Noticed a golden eye
    88 | D:1      | a shapeshifter changed into a golden eye
    99 | D:1      | XOM: silly message
   104 | D:1      | Noticed a warg
   104 | D:1      | a golden eye changed into a warg
   108 | D:1      | a warg changed into a worm
   110 | D:1      | Noticed an acid dragon
   110 | D:1      | a worm changed into an acid dragon
   112 | D:1      | Noticed a golden eye
   112 | D:1      | an acid dragon changed into a golden eye
   113 | D:1      | XOM: cast spell 'Cause Fear'
   114 | D:1      | Noticed a hog
   114 | D:1      | a golden eye changed into a hog
   121 | D:1      | XOM: potion effect (haste)
   130 | D:1      | Noticed a steam dragon
   130 | D:1      | a hog changed into a steam dragon
   132 | D:1      | XOM: divination: magic mapping
   132 | D:1      | Slain by a steam dragon (shapeshifter)

Illustrated notes

Levels and vault maps discovered:
D:1:      eino_arrival_water_cross, layout_rooms,
          ebering_ecumenical_altar_petrified, minmay_pentomino_o2

Action                   || total
-------------------------++-------
Melee: Hand axe          ||    42
       Bite              ||     3
       Punch             ||     1
  Use: Potion            ||     2
Armor: Leather armour    ||    10
Dodge: Dodged            ||    23
